 Dungeon Crawl Stone Soup version 0.25-a0-59-gf342c8b036 (webtiles) character file.

Game seed: 2742454221277174272, levelgen mode: deterministic

33 Menyet the Stinger (level 3, 20/26 HPs)
             Began as a Draconian Venom Mage on Oct 28, 2019.
             Quit the game on level 2 of the Dungeon.
             The game lasted 00:10:59 (1152 turns).

Menyet the Stinger (Draconian Venom Mage)           Turns: 1152, Time: 00:11:00

Health: 20/26      AC:  6    Str: 10    XL:     3   Next: 12%
Magic:  2/6        EV: 12    Int: 16    God:
Gold:   78         SH:  0    Dex: 11    Spells: 3/6 levels left

rFire    . . .     SeeInvis .   a - +0 short sword
rCold    + . .     Gourm    .   (no shield)
rNeg     . . .     Faith    .   (armour unavailable)
rPois    .         Spirit   .   (helmet restricted)
rElec    .         Reflect  .   (no cloak)
rCorr    .         Harm     .   (no gloves)
MR       .....                  d - +0 pair of boots
Stlth    ++........             (no amulet)
HPRegen  0.08/turn              i - ring of protection from cold
MPRegen  0.10/turn              (no ring)

@: mildly poisoned (20 -> 15)
A: unfitting armour, cold-blooded, AC +5
a: no special abilities


You were on level 2 of the Dungeon.
You were not hungry.

You visited 1 branch of the dungeon, and saw 2 of its levels.

You collected 78 gold pieces.

Inventory:

Hand Weapons
 a - a +0 short sword (weapon)
Armour
 c - a +0 buckler
 d - a +0 pair of boots (worn)
Jewellery
 i - a ring of protection from cold (left hand)
Scrolls
 g - 2 scrolls of identify
 h - a scroll of amnesia {unknown}
Potions
 e - a potion of heal wounds {unknown}
 f - 2 potions of curing


   Skills:
 + Level 1.8 Dodging
 + Level 2.0 Stealth
 + Level 2.1 Spellcasting
 + Level 1.4 Conjurations
 + Level 0.5 Air Magic
 + Level 3.6 Poison Magic


You had 3 spell levels left.
You knew the following spells:

 Your Spells              Type           Power        Failure   Level  Hunger
a - Sting                 Conj/Pois      #...         7%          1    #......
b - Poisonous Vapours     Pois/Air       #.....       13%         2    ###....

Your spell library contained the following spells:

 Spells                   Type           Power        Failure   Level  Hunger
 Mephitic Cloud           Conj/Pois/Air  #.......     28%         3    ###....
 Olgreb's Toxic Radiance  Pois           ##......     41%         4    #####..
 Venom Bolt               Conj/Pois      #.........   89%         5    ######.


Dungeon Overview and Level Annotations

Branches:
Dungeon (2/15)

Altars:


Innate Abilities, Weirdness & Mutations

Your plain brown scales are hard. (AC +5)
You cannot fit into any form of body armour.
You are cold-blooded and may be slowed by cold attacks.


Message History

The adder closely misses you.
You hit the adder but do no damage.
The adder is severely wounded.
The adder closely misses you. The adder misses you.
You completely miss the adder.
The adder is severely wounded.
The adder looks more healthy.
The adder bites you.
You are poisoned.
The adder poisons you!
You miss the adder.
The adder is severely wounded.
You feel sick. The adder barely misses you.
You closely miss the adder.
Your tail-slap misses the adder.
The adder is severely wounded.
You feel sick. The adder completely misses you. The adder bites you.
You barely miss the adder.
The adder is severely wounded.
The adder closely misses you.
Unknown command.
Are you sure you want to abandon this character and quit the game? (Confirm with "yes".)

### ###
##.##...##
##...#.....
#.###....>....#
#....w.@S(....#
#.#####.##....#
#.# #.# #.#
##'## ##...##
##.....##
##.......##
#.........#


You could see a worm and an adder.

Vanquished Creatures
  An adder (D:2)
  A dart slug (D:1)
  3 giant cockroaches (D:1)
  3 hobgoblins (D:1)
  6 bats
  A frilled lizard (D:1)
  4 kobolds
  3 rats (D:1)
22 creatures vanquished.

Notes
Turn   | Place    | Note
-------+----------+-------------------------------------------
     0 | D:1      | Menyet the Draconian Venom Mage began the quest for the
                  | Orb.
     0 | D:1      | Reached XP level 1. HP: 14/14 MP: 3/3
   267 | D:1      | Reached XP level 2. HP: 15/20 MP: 3/5
   276 | D:1      | Learned a level 2 spell: Poisonous Vapours
  1063 | D:2      | Reached XP level 3. HP: 23/26 MP: 0/6
  1152 | D:2      | Quit the game

Levels and vault maps discovered:
D:1:      minmay_arrival_loop, layout_basic
D:2:      layout_loops_corners, old_standard_altar, kennysheep_doodads,
          due_unseen_surprise

Skill      XL: |  1  2 |
---------------+-------+-----
Stealth        | 2 |  2.0
Dodging        | |  1.8
Spellcasting   | |  2.1
Conjurations   | |  1.4
Air Magic      | |  0.5
Poison Magic   | |  3.6

Action                   || total
-------------------------++-------
Melee: Short sword       ||    29
       Unarmed           ||     5
       Tailslap          ||     2
 Cast: Sting             ||    12
       Poisonous Vapours ||    14
  Use: Scroll            ||     4
  Eat: Chunk             ||     1
       Ration            ||     1
Armor: Skin              ||    19
Dodge: Dodged            ||    44

Table legend:
 A = Non-vault XP
 B = Vault XP
 C = Vault XP percentage of total XP
 D = Non-vault monster count
 E = Vault monster count
 F = Vault count percentage of total count
                 A         B        C        D         E       F
            +---------+---------+-------+---------+---------+-------
      Total |      48 |       0 |   0.0 |      22 |       0 |   0.0
            +---------+---------+-------+---------+---------+-------
        D:1 |      31 |       0 |   0.0 |      19 |       0 |   0.0
        D:2 |      17 |       0 |   0.0 |       3 |       0 |   0.0
            +---------+---------+-------+---------+---------+-------
